 Dungeon Crawl Stone Soup version 0.27-a0-883-g39567a0c06 (webtiles) character file.

Game seed: 8028554567492241934

1948 Notrik the Skirmisher (level 8, -11/72 HPs)
             Began as a Palentonga Fighter on Mar 2, 2021.
             Was a Follower of Trog.
             Mangled by an orc warrior
             ... wielding a +0 war axe
              (15 damage)
             ... on level 6 of the Dungeon on Apr 3, 2021.
             The game lasted 00:13:27 (7385 turns).

Notrik the Skirmisher (Palentonga Fighter)          Turns: 7385, Time: 00:13:28

Health: -11/72     AC: 21    Str: 21    XL:     8   Next: 98%
Magic:  8/8        EV:  3    Int: 10    God:    Trog [*.....]
Gold:   260        SH:  9    Dex:  9    Spells: 7/7 levels left

rFire    + . .     SeeInvis +   a - +0 long sword
rCold    . . .     Faith    .   c - +0 kite shield
rNeg     . . .     Spirit   .   m - +0 plate armour
rPois    .         Reflect  .   j - +2 helmet
rElec    .         Harm     .   f - +0 cloak
rCorr    +         Rampage  .   (no gloves)
Will     .....                  (no barding)
Stlth    ..........             (no amulet)
HPRegen  0.22/turn              e - ring of protection from fire
MPRegen  0.11/turn              k - ring of resist corrosion

@: curled up
A: large, rugged brown scales 3, see invisible, deformed body, roll 1, armoured
tail, reflexive curl
a: Rolling Charge, Renounce Religion, Berserk


You were on level 6 of the Dungeon.
You worshipped Trog.
Trog was aware of your devotion.
You visited 2 branches of the dungeon, and saw 8 of its levels.

You collected 260 gold pieces.

Inventory:

Hand Weapons
 a - a +0 long sword (weapon)
Armour
 c - a +0 kite shield (worn)
 f - a +0 cloak (worn)
 j - a +2 helmet (worn)
 m - a +0 plate armour (worn)
Jewellery
 e - a ring of protection from fire (left hand)
 k - a ring of resist corrosion (right hand)
 n - an amulet of magic regeneration
 z - a ring of poison resistance
Wands
 u - a wand of flame (24)
 v - a wand of acid (10)
Scrolls
 d - 2 scrolls of fog {unknown}
 g - 3 scrolls of identify
 h - 3 scrolls of teleportation
 l - a scroll of enchant weapon {unknown}
 o - a scroll of immolation {unknown}
 p - a scroll of fear {unknown}
 q - a scroll of enchant armour {unknown}
 r - a scroll of blinking {unknown}
 x - a scroll of amnesia {unknown}
 y - a scroll of removedness
Potions
 b - a potion of degeneration {unknown}
 i - 10 potions of curing
 s - a potion of haste {unknown}
 t - 2 potions of magic {unknown}
 w - 3 potions of heal wounds
 A - a potion of flight {unknown}
 B - a potion of ambrosia {unknown}


   Skills:
 * Level 7.9 Fighting
 - Level 5.8 Long Blades
 - Level 4.9 Armour
 + Level 0.9 Dodging
 + Level 0.2 Stealth
 - Level 4.7 Shields


You had 7 spell levels left.
You didn't know any spells.
Your spell library was empty.

Dungeon Overview and Level Annotations

Branches:
Dungeon (7/15)             Temple (1/1) D:5

Altars:
Ashenzari
Cheibriados
Dithmenos
Elyvilon
Fedhas
Gozag
Hepliaklqana
Kikubaaqudgha
Makhleb
Nemelex Xobeh
Qazlal
Ru
Sif Muna
Trog
Uskayaw
Vehumet
Wu Jian
Xom
Yredelemnul
Zin
The Shining One

Shops:
D:4 *


Innate Abilities, Weirdness & Mutations

You are completely covered in rugged brown scales. (AC +3, +7% HP)
You have supernaturally acute eyesight. (SInv)
Armour fits poorly on your strangely shaped body.
You can roll at nearby foes to attack.
You have a long armoured tail.
You curl defensively after being hit.


Message History

The orc warrior hits you with a +0 war axe.
You block the kobold's attack.
The orc warrior hits you with a +0 war axe.
You slash the kobold!
You kill the kobold!
Trog accepts your kill.
The orc warrior hits you with a +0 war axe.
The orc warrior hits you with a +0 war axe!
Things that are here:
a +0 short sword; a kobold corpse You don't know any spells.
You slash the orc warrior!
The orc warrior is moderately wounded.
You block the orc warrior's attack.
You closely miss the orc warrior.
The orc warrior is moderately wounded.
The orc warrior hits you with a +0 war axe.
You closely miss the orc warrior.
Your tail-slap misses the orc warrior.
The orc warrior is moderately wounded.
The orc warrior hits you with a +0 war axe!
* * * LOW HITPOINT WARNING * * *
The orc warrior hits you with a +0 war axe.
* * * LOW HITPOINT WARNING * * *
You hit the orc warrior but do no damage.
The orc warrior is moderately wounded.
The orc warrior hits you with a +0 war axe.
* * * LOW HITPOINT WARNING * * *
Your plate armour prevents you from hitting the orc warrior.
The orc warrior is moderately wounded.
The orc warrior hits you with a +0 war axe.
* * * LOW HITPOINT WARNING * * *
Unknown command.
You hit the orc warrior.
The orc warrior is moderately wounded.
The orc warrior hits you but does no damage.
You block the orc warrior's attack.
You hit the orc warrior but do no damage.
The orc warrior is moderately wounded.
The orc warrior hits you with a +0 war axe!
You die...

##......## #.......# #.......#
##......# ##.....# #.#...#
##.##### # ###..## ######
#############..†@.### ##....###
................o...## #.......#
................)†...## #........
#########.............####.......
# #..............###.......
#...()).........##....... ####
#.....[.................. ##..#
#..............#.........
##...####...............#........


You could see an orc warrior.

Vanquished Creatures
  Grinder (D:5)
  Sigmund (D:2)
  A necrophage (D:6)
  3 sky beasts
  2 ogres (D:4)
  3 bullfrogs (D:6)
  4 howler monkeys
  Crazy Yiuf (D:5)
  A bullfrog skeleton (D:4)
  2 orc priests
  A hound (D:5)
  A jelly (D:6)
  11 orc wizards
  2 removed worker ants
  10 adders
  2 shadow imps
  2 white imps
  An ufetubus (D:5)
  3 endoplasms
  3 worms
  A dart slug (D:5)
  23 orcs
  4 removed leopard geckos
  6 bats
  3 giant cockroaches
  3 goblins
  8 hobgoblins
  11 jackals
  7 kobolds
  3 quokkas
  3 frilled lizards
  A jackal skeleton (D:6)
  A quokka zombie (D:6)
  5 rats
134 creatures vanquished.

Notes
Turn   | Place    | Note
-------+----------+-------------------------------------------
     0 | D:1      | Notrik the Palentonga Fighter began the quest for the Orb.
     0 | D:1      | Reached XP level 1. HP: 20/20 MP: 1/1
   265 | D:1      | Reached XP level 2. HP: 19/27 MP: 2/2
  1106 | D:2      | Noticed Sigmund
  1124 | D:2      | Killed Sigmund
  1125 | D:2      | Reached skill level 4 in Fighting
  1125 | D:2      | Reached XP level 3. HP: 13/35 MP: 3/3
  1125 | D:2      | Reached XP level 4. HP: 16/42 MP: 4/4
  1125 | D:2      | Reached XP level 5. HP: 18/49 MP: 5/5
  2466 | D:3      | Reached XP level 6. HP: 55/55 MP: 6/6
  2982 | D:4      | Gained mutation: You curl defensively after being hit.
                  | [Palentonga growth]
  2982 | D:4      | Reached XP level 7. HP: 51/64 MP: 7/7
  3438 | D:4      | Found Etugh's Mass Market.
  3863 | D:5      | Entered Level 5 of the Dungeon
  3871 | D:5      | Noticed Grinder
  3871 | D:5      | Paralysed by Grinder for 6 turns
  3886 | D:5      | Paralysed by Grinder for 2 turns
  3899 | D:5      | Killed Grinder
  4189 | D:5      | Reached skill level 5 in Long Blades
  4497 | D:5      | Reached skill level 5 in Fighting
  4560 | D:5      | Reached XP level 8. HP: 72/72 MP: 8/8
  4632 | D:5      | Found an opulent altar of Gozag.
  4691 | D:5      | Found a staircase to the Ecumenical Temple.
  4714 | Temple   | Entered the Ecumenical Temple
  5347 | D:5      | Found a runed translucent door.
  5348 | D:5      | Noticed Crazy Yiuf
  5360 | D:5      | Killed Crazy Yiuf
  5596 | D:5      | Identified the +0 leather armour "Vytodeso" {Regen+}
  5774 | Temple   | Became a worshipper of Trog the Wrathful
  6103 | D:6      | Reached skill level 6 in Fighting
  6308 | D:6      | Reached * piety under Trog
  6748 | D:6      | Reached skill level 7 in Fighting
  7242 | D:7      | Upgraded the game from 0.27-a0-492-ga4bb394fd4 to
                  | 0.27-a0-883-g39567a0c06
  7383 | D:6      | HP: 3/72 [orc warrior/+0 war axe (5)]
  7385 | D:6      | Mangled by an orc warrior

Illustrated notes

Levels and vault maps discovered:
D:1:      matt_arrival_diagonals, layout_rooms
D:2:      layout_loops_ring, serial_park_tiny_1, minmay_tetromino_t4,
          uniq_sigmund
D:3:      layout_loops_cross
D:4:      layout_basic, minmay_shop_mass
D:5:      layout_basic, temple_green, nicolae_gozag_seed_capital, uniq_grinder,
          uniq_crazy_yiuf_cottage
D:6:      layout_cave_pods, minmay_a_box_with_orc_wizards_in_it
D:7:      layout_cave_pools, basic_altar
Temple:   roderic_octagonal_lattice_temple

Skill      XL: |  1  2  3  4  5  6  7  8 |
---------------+-------------------------+-----
Fighting       | 4 5 7 |  7.9
Armour         | 3 4 |  4.9
Shields        | 3 4 |  4.7
Long Blades    | 3 5 |  5.8
Dodging        | |  0.9
Stealth        | |  0.2

Action                   |  1- 3 |  4- 6 |  7- 9 || total
-------------------------+-------+-------+-------++-------
Melee: Long sword        |    82 |   153 |   302 ||   537
       Tailslap          |    11 |    22 |    40 ||    73
  Use: Potion            |     1 |       |       ||     1
       Scroll            |       |       |     2 ||     2
Armor: Scale mail        |    43 |    33 |       ||    76
       Plate armour      |       |    96 |   321 ||   417
Dodge: Dodged            |    18 |    27 |    71 ||   116
Block: Kite shield       |    38 |    80 |   215 ||   333
       Rpst.: Long sword |     4 |     9 |    18 ||    31

Table legend: (Time is in decaauts)
 A = Elapsed time spent in this place.
 B = Non-inter-level travel time spent in this place.
 C = Inter-level travel time spent in this place.
 D = Time resting spent in this place.
 E = Time spent auto-exploring this place.
 F = Levels seen in this place.
 G = Mean time per level.
                   A        B        C        D        E       F      G
               +--------+--------+--------+--------+--------+-----+--------+
         Total |   7584 |   6926 |    658 |    257 |   5448 |   8 |  948.0 |
       Dungeon |   7097 |   6643 |    454 |    257 |   5170 |   7 | 1013.9 |
        Temple |    487 |    283 |    204 |      0 |    278 |   1 |  487.0 |
               +--------+--------+--------+--------+--------+-----+--------+

Top non-repeatable levels by time:
     D:5: 1571 daAuts
     D:6: 1510 daAuts
     D:2: 1239 daAuts
     D:4: 966 daAuts
     D:1: 891 daAuts
     D:3: 885 daAuts
  Temple: 487 daAuts
     D:7: 33 daAuts
